 Dungeon Crawl Stone Soup version 0.18-a0-1507-g69458e0 (webtiles) character file.

183 GrosslyIncandescent the Insei (level 5, -1/41 HPs)
             Began as a Mummy Monk on Mar 5, 2016.
             Slain by a centaur (6 damage)
             ... on level 4 of the Dungeon.
             The game lasted 00:04:16 (3643 turns).

GrosslyIncandescent the Insei (Mummy Monk)          Turns: 3643, Time: 00:04:17

Health: -1/41      AC:  3    Str: 15    XL:     5   Next: 35%
Magic:  5/5        EV: 13    Int:  9    God:
Gold:   108        SH:  5    Dex: 18    Spells: 0 memorised, 4 levels left

rFire  x . .     SeeInvis .       - Unarmed
rCold  + . .     Gourm    +     (no armour)
rNeg   + + +     Faith    .     d - +0 buckler
rPois  ∞         Spirit   .     (no helmet)
rElec  .         Dismiss  .     (no cloak)
rCorr  .         Reflect  .     c - +2 pair of gloves
SustAt .         Harm     .     (no boots)
MR     .....                    i - amulet of the gourmand
Stlth  ++........               (no ring)
                                a - +3 ring of dexterity

@: not resistant to hostile enchantments, unstealthy
A: no food or potions, fire vulnerability, cold resistance 1, negative energy
resistance 3, torment resistance, unbreathing
a: no special abilities


You were on level 4 of the Dungeon.
You were not hungry.

You visited 1 branch of the dungeon, and saw 4 of its levels.

You collected 108 gold pieces.


Innate Abilities, Weirdness & Mutations

You do not eat or drink.
Your flesh is vulnerable to fire.
You are immune to poison.
Your flesh is cold resistant.
You are immune to negative energy.
You are immune to unholy pain and torment.
You can survive without breathing.


   Skills:
 - Level 3.0 Fighting
 - Level 2.4 Dodging
 - Level 1.5 Stealth
 + Level 3.5 Shields
 - Level 4.0 Unarmed Combat


You had 4 spell levels left.
You didn't know any spells.

Inventory:

Armour
 c - a +2 pair of gloves (worn)
 d - a +0 buckler (worn)
 h - a +0 robe {JJ's rags}
Jewellery
 a - a +3 ring of dexterity (left hand)
 i - an amulet of the gourmand (around neck)
Scrolls
 b - a scroll of identify {unknown}
 e - a scroll of enchant weapon {unknown}
 f - a scroll of magic mapping {unknown}
 j - a scroll of fear {unknown}
Comestibles
 g - a bread ration (quivered)

Dungeon Overview and Level Annotations

Branches:
Dungeon (4/15)
 Temple: D:4-7

Altars:
Cheibriados
Nemelex Xobeh
Sif Muna
Vehumet
Zin

Annotations:
D:2 Sigmund
D:3 exclusion: downstairs

▒.▒...▒ ▒.▒▒..▒ ▒+▒
▒.▒▒..▒ ▒▒▒▒▒▒▒▒▒.▒
▒.....▒ ..........▒
▒▒▒▒.▒▒ ..........▒▒
▒.▒ ...........▒▒▒▒
▒.▒ ........?.....▒▒
▒.▒ ......cM(((..(.▒
▒.▒
...........▒.▒.▒▒▒▒▒.▒
.........▒.▒▒▒.......▒
........?▒▒...▒▒▒▒▒▒▒▒
▒▒▒▒▒▒▒▒▒▒▒▒▒▒


You could see a centaur.


Message History

The centaur is moderately wounded!
The centaur misses you!
You barely miss the centaur!
The centaur is moderately wounded!
The centaur hits you! * * * don't die
* * * You pulverise the centaur!!!
The centaur is heavily wounded!
You block the centaur's attack! The centaur barely misses you!
You beat the centaur but do no damage!
The centaur is heavily wounded!
The centaur hits you!!! * * * don't die
* * * You pulverise the centaur!
The centaur is heavily wounded!
The centaur barely misses you! The centaur closely misses you!
You beat the centaur into a bloody pulp!
The centaur is severely wounded!
The centaur barely misses you!
You pummel the centaur like a punching bag!
The centaur is almost dead!
The centaur closely misses you! The centaur hits you!!! * * * don't die
* * * You pummel the centaur but do no damage!
The centaur is almost dead!
The centaur hits you but does no damage!
You beat the centaur into a bloody pulp!
The centaur is almost dead!
The centaur hits you! rip

Action                   |  1- 3 |  4- 6 || total
-------------------------+-------+-------++-------
Melee: Unarmed           |   169 |   114 ||   283
 Stab: Sleeping          |     5 |     1 ||     6

Vault maps used:
D:1:      grunt_arrival_crossed_arrows, minmay_misc_feat_rows
D:2:      lemuel_crystal_altar, first_bread, kennysheep_pointless_box,
          uniq_sigmund
D:3:      nicolae_overflow_crystal_walls, grunt_temple_overflow_diamond,
          uniq_jessica
D:4:      kennysheep_okawaru_gauntlet, lemuel_crystal_altar,
          minmay_temple_entry_grid

Notes
Turn   | Place    | Note
--------------------------------------------------------------
     0 | D:1      | GrosslyIncandescent the Mummy Monk began the quest for the Orb.
     0 | D:1      | Reached XP level 1. HP: 18/18 MP: 1/1
   312 | D:1      | Reached XP level 2. HP: 14/24 MP: 2/2
  1229 | D:2      | Found a snail-covered altar of Cheibriados.
  1231 | D:2      | Noticed Sigmund
  1295 | D:2      | Reached skill level 4 in Unarmed Combat
  1536 | D:2      | Reached XP level 3. HP: 29/29 MP: 3/3
  1547 | D:2      | Reached skill level 1 in Shields
  2410 | D:2      | Reached skill level 2 in Shields
  2410 | D:2      | Reached XP level 4. HP: 26/35 MP: 4/4
  2820 | D:3      | Found a glowing silver altar of Zin.
  2827 | D:3      | Noticed Jessica
  2852 | D:3      | Killed Jessica
  3056 | D:3      | Found a deep blue altar of Sif Muna.
  3062 | D:3      | Found a radiant altar of Vehumet.
  3065 | D:3      | Found a sparkling altar of Nemelex Xobeh.
  3244 | D:3      | Reached skill level 3 in Shields
  3463 | D:4      | Reached XP level 5. HP: 22/41 MP: 5/5
  3626 | D:4      | Noticed a centaur
  3643 | D:4      | Slain by a centaur

Vanquished Creatures
  A scorpion (D:4)
  Jessica (D:3)
  4 adders
  3 worms (D:2)
  A dart slug (D:2)
  3 giant geckos (D:2)
  An orc (D:3)
  5 bats
  4 giant cockroaches
  7 goblins
  5 hobgoblins
  2 jackals (D:3)
  2 quokkas
  A giant newt (D:2)
  8 kobolds
  12 rats
60 creatures vanquished.
